 Dungeon Crawl Stone Soup version 0.18-a0-1418-ga86aa8f (webtiles) character file.

1682 Ijustatesigmund the Changer (level 9, -3/73 HPs)
             Began as an Octopode Transmuter on Feb 26, 2016.
             Was a Believer of Cheibriados.
             Slain by an orc warrior
             ... wielding a +0 dire flail
              (23 damage)
             ... on level 6 of the Dungeon.
             The game lasted 00:20:36 (6330 turns).

Ijustatesigmund the Changer (Octopode Transmuter)   Turns: 6330, Time: 00:20:37

Health: -3/73      AC:  7    Str: 14    XL:     9   Next: 2%
Magic:  9/14       EV: 11    Int: 21    God:    Cheibriados [**....]
Gold:   99         SH:  0    Dex: 17    Spells: 5 memorised, 2 levels left

rFire  x . .     SeeInvis .       - Unarmed
rCold  + + +     Gourm    .     (shield currently unavailable)
rNeg   . . .     Faith    .     (helmet currently unavailable)
rPois  +         Spirit   .     (no amulet)
rElec  .         Dismiss  .     e - ring of protection from cold
rCorr  .         Reflect  .     q - +1 ring of protection
SustAt .         Harm     .     (no ring)
MR     .....                    (no ring)
Stlth  ++........               (no ring)
                                (no ring)
                                (no ring)
                                (no ring)

@: ice-form, very slow, not resistant to hostile enchantments, unstealthy
A: almost no armour, amphibious, 8 rings, (constrict 8), (camouflage 0),
(gelatinous body 0)
a: End Transformation, Bend Time, Renounce Religion


You were on level 6 of the Dungeon.
You worshipped Cheibriados.
Cheibriados was pleased with you.
You were not hungry.
You were a creature of crystalline ice.
You visited 2 branches of the dungeon, and saw 7 of its levels.

You collected 401 gold pieces.
You spent 302 gold pieces at shops.

Inventory:

Missiles
 l - 5 tomahawks (quivered)
 u - 31 arrows
Armour
 t - a +0 shield
Jewellery
 e - a ring of protection from cold (left front paw)
 q - a +1 ring of protection (right front paw)
Wands
 m - a wand of paralysis (14/24)
Scrolls
 f - 4 scrolls of remove curse
 h - 2 scrolls of enchant armour
 i - 2 scrolls of magic mapping
 o - 2 scrolls of teleportation
Potions
 g - 4 potions of curing
 j - a potion of degeneration {unknown}
 k - a potion of brilliance
 n - 3 potions of cure mutation
 p - a potion of lignification {unknown}
 s - a potion of resistance {unknown}
Books
 b - a book of Changes

   Spells                             Type                      Level
   a - Beastly Appendage              Transmutation                1
   b - Sticks to Snakes               Transmutation                2
   c - Spider Form                    Transmutation/Poison         3
   d - Ice Form                       Ice/Transmutation            4
   e - Blade Hands                    Transmutation                5
 r - a book of Maledictions

   Spells                             Type                      Level
   a - Corona                         Hexes                        1
   b - Ensorcelled Hibernation        Hexes/Ice                    2
   c - Confuse                        Hexes                        3
   d - Tukima's Dance                 Hexes                        3
   e - Dazzling Spray                 Conjuration/Hexes            3
Comestibles
 c - 5 bread rations
 d - 4 meat rations


   Skills:
 - Level 5.0 Fighting
 - Level 3.2 Dodging
 - Level 2.0 Stealth
 - Level 4.0 Unarmed Combat
 + Level 3.4 Spellcasting
 + Level 1.4 Hexes
 - Level 5.0 Transmutations
 - Level 4.0 Ice Magic
 - Level 3.5 Poison Magic
 - Level 4.2 Invocations


You had 2 spell levels left.
You knew the following spells:

 Your Spells              Type           Power        Failure   Level  Hunger
a - Beastly Appendage     Trmt           ###...       1%          1    None
b - Sticks to Snakes      Trmt           ###.....     2%          2    ##.....
c - Spider Form           Trmt/Pois      ###.......   10%         3    ###....
d - Ice Form              Ice/Trmt       ###.....     24%         4    ####...
e - Ensorcelled Hibernat  Hex/Ice        ###...       8%          2    ##.....


Dungeon Overview and Level Annotations

Branches:
Dungeon (6/15)             Temple (1/1) D:4

Altars:
Ashenzari
Cheibriados
Dithmenos
Elyvilon
Fedhas
Gozag
Kikubaaqudgha
Makhleb
Nemelex Xobeh
Okawaru
Pakellas
Ru
Sif Muna
Vehumet
Xom
Yredelemnul
Zin
The Shining One

Shops:
D:4 !   D:5 *}*[


Innate Abilities, Weirdness & Mutations

You cannot wear most types of armour.
You are amphibious.
You can wear up to eight rings at the same time.
((You can use your tentacles to constrict eight enemies at once.))
((Your skin changes colour to match your surroundings (Stealth).))
((Your rubbery body absorbs attacks (AC +1).))


Message History

The orc warrior hits you with a dire flail.
* * * LOW HITPOINT WARNING * * *
The orc hits you with a mace.
* * * LOW HITPOINT WARNING * * *
You barely miss the orc warrior.
The orc warrior is almost dead.
Drink which item? (? for menu, Esc to quit)
You feel better.
The orc warrior hits you with a dire flail.
* * * LOW HITPOINT WARNING * * *
The orc closely misses you.
The orc wizard casts a spell.
The orc wizard seems to speed up.
You barely miss the orc warrior.
The orc warrior is almost dead.
The orc warrior closely misses you. The orc hits you but does no damage.
You hit the orc warrior. You freeze the orc warrior.
The orc warrior is almost dead.
The orc warrior hits you with a dire flail!!
You die...

..# #....# ..##....# # ..#
.......## # #..# #.......# #
#..# #...... # #..# #....## .##
### #..###..o..##...# ..###
#......Yo..##..## ... ....##
#[.....#o.......# .....
.....#####......##......###.....
......#...###...#.......##.....
.......## #...........[........
####..## ##...............# ...
#..# #...)....##.....###... ##.#
##.###...###....###...# #.#
##.## ##..........#...#


You could see an orc warrior, an orc wizard and an orc.

Vanquished Creatures
  Pikel (D:5)
  Sigmund (D:3)
  2 ice beasts (D:6)
  A sky beast (D:5)
  2 ogres
  A giant frog (D:6)
  2 crimson imps
  2 jellies
  3 orc wizards
  2 hounds (D:6)
  4 worker ants
  A hound zombie (D:6)
  A worker ant zombie (D:5)
  6 adders
  3 gnolls (D:4)
  A shadow imp (D:6)
  3 worms
  A dart slug (D:1)
  3 giant geckos
  10 orcs
  3 giant cockroaches
  4 goblins
  5 hobgoblins
  4 jackals (D:3)
  2 quokkas
  13 bats
  4 giant newts
  A jackal skeleton (D:4)
  5 kobolds
  8 rats
  A fungus (D:2)
100 creatures vanquished.

Vanquished Creatures (collateral kills)
  3 orcs
3 creatures vanquished.

Vanquished Creatures (others)
  An adder (D:5)
  A quokka zombie (D:5)
2 creatures vanquished.

Grand Total: 105 creatures vanquished

Notes
Turn   | Place    | Note
--------------------------------------------------------------
     0 | D:1      | Ijustatesigmund the Octopode Transmuter began the quest for the Orb.
     0 | D:1      | Reached XP level 1. HP: 13/13 MP: 3/3
   133 | D:1      | Reached XP level 2. HP: 13/18 MP: 5/5
   142 | D:1      | Learned a level 2 spell: Sticks to Snakes
   733 | D:2      | Reached XP level 3. HP: 16/23 MP: 6/6
   852 | D:2      | Learned a level 3 spell: Spider Form
   911 | D:2      | Found a shattered altar of Ashenzari.
  2012 | D:2      | Reached XP level 4. HP: 28/28 MP: 7/7
  2070 | D:3      | Reached skill level 1 in Poison Magic
  2101 | D:3      | Found an iron altar of Okawaru.
  2127 | D:3      | Noticed Sigmund
  2136 | D:3      | Killed Sigmund
  2136 | D:3      | Reached XP level 5. HP: 33/33 MP: 6/8
  2260 | D:3      | Reached XP level 6. HP: 34/38 MP: 9/9
  2267 | D:3      | Found a blossoming altar of Fedhas.
  2269 | D:3      | Found a deep blue altar of Sif Muna.
  2273 | D:3      | Found a basalt altar of Yredelemnul.
  2553 | D:3      | Reached skill level 1 in Stealth
  3113 | D:4      | Found a staircase to the Ecumenical Temple.
  3123 | Temple   | Entered the Ecumenical Temple
  3201 | Temple   | Became a worshipper of Cheibriados the Contemplative
  3715 | D:4      | Found a shimmering altar of Xom.
  3780 | D:4      | Reached skill level 5 in Transmutations
  3780 | D:4      | Reached XP level 7. HP: 43/45 MP: 10/10
  3786 | D:4      | Learned a level 4 spell: Ice Form
  3923 | D:4      | Found Hoirch's Distillery.
  3926 | D:4      | Bought a potion of agility for 56 gold pieces
  3926 | D:4      | Bought a potion of curing for 42 gold pieces
  3926 | D:4      | Bought a potion of curing for 42 gold pieces
  3926 | D:4      | Bought a potion of heal wounds for 70 gold pieces
  4027 | D:5      | Entered Level 5 of the Dungeon
  4077 | D:5      | Reached * piety under Cheibriados
  4080 | D:5      | Reached skill level 1 in Ice Magic
  4362 | D:5      | Found Gaetz's Assorted Antiques.
  4376 | D:5      | Bought a murky pink potion for 28 gold pieces
  4376 | D:5      | Bought a scroll of identify for 64 gold pieces
  4456 | D:5      | Found Veacvuh's Gadget Shop.
  4667 | D:5      | Reached skill level 1 in Invocations
  4872 | D:5      | Found a radiant altar of Vehumet.
  4969 | D:5      | Found Facuif's Assorted Antiques.
  5178 | D:5      | Found Piwiegoifu's Antique Armour Boutique.
  5286 | D:5      | Noticed Pikel
  5304 | D:5      | Killed Pikel
  5304 | D:5      | Reached skill level 5 in Fighting
  5304 | D:5      | Reached XP level 8. HP: 27/55 MP: 11/11
  5824 | D:6      | Reached ** piety under Cheibriados
  5834 | D:6      | Learned a level 2 spell: Ensorcelled Hibernation
  6116 | D:6      | Reached skill level 1 in Hexes
  6116 | D:6      | Reached XP level 9. HP: 42/61 MP: 9/14
  6330 | D:6      | Slain by an orc warrior

Vault maps used:
D:1:      sevenhm_arrival_forest_fort_large_4
D:2:      evilmike_ruin_ashenzari, minmay_gold_behind_fungi
D:3:      okawaru_metal_pillars_3, grunt_temple_overflow_open, first_bread,
          uniq_sigmund
D:4:      old_standard_altar, minmay_temple_entry_statues_pillars, serial_shops,
          kennysheep_mini, kennysheep_generic_room_5
D:5:      serial_shops, shop, nicolae_shop_behind_doors, shop_fountains, shop,
          basic_altar, minmay_misc_feat_columns, uniq_pikel
Temple:   zaba_magenta_temple_12

Skill      XL: |  1  2  3  4  5  6  7  8 |
---------------+-------------------------+-----
Unarmed Combat | 4 |  4.0
Transmutations | 3 4 5 |  5.0
Poison Magic   | 3 |  3.5
Stealth        | 2 |  2.0
Fighting       | 2 5 |  5.0
Ice Magic      | 4 |  4.0
Invocations    | 4 |  4.2
Dodging        | 3 |  3.2
Spellcasting   | 3 |  3.4
Hexes          | 1 |  1.4

Action                   |  1- 3 |  4- 6 |  7- 9 || total
-------------------------+-------+-------+-------++-------
Melee: Unarmed           |    95 |    92 |   146 ||   333
Throw: Tomahawk          |       |     1 |     3 ||     4
 Cast: Beastly Appendage |     3 |     6 |    13 ||    22
       Sticks to Snakes  |       |     7 |     3 ||    10
       Ice Form          |       |       |     3 ||     3
Invok: Bend Time         |       |       |     1 ||     1
  Use: Scroll            |     9 |     1 |     2 ||    12
       Potion            |     1 |     1 |     4 ||     6
 Stab: Sleeping          |     4 |     7 |     5 ||    16
  Eat: Chunk             |     3 |     2 |     4 ||     9
       Pizza             |       |     1 |       ||     1
       Meat ration       |       |     1 |       ||     1
